 Dungeon Crawl Stone Soup version 0.24-a0-365-ga4d96b6e6e (webtiles) character file.

Game seed: 7838979243819316273

630 Wekax the Cleaver (level 7, -3/61 HPs)
             Began as a Minotaur Berserker on May 27, 2019.
             Was a Priest of Trog.
             Slain by an ogre
             ... wielding a +0 giant club
              (19 damage)
             ... on level 5 of the Dungeon.
             The game lasted 00:12:07 (4801 turns).

Wekax the Cleaver (Minotaur Berserker)              Turns: 4801, Time: 00:12:08

Health: -3/61      AC:  5    Str: 23    XL:     7   Next: 24%
Magic:  6/6        EV:  9    Int:  4    God:    Trog [***...]
Gold:   168        SH:  9    Dex: 10    Spells: 6/6 levels left

rFire    . . .     SeeInvis .   a - +0 hand axe
rCold    . . .     Gourm    .   q - +0 shield
rNeg     . . .     Faith    .   h - +0 ring mail
rPois    .         Spirit   .   (helmet restricted)
rElec    .         Reflect  .   (no cloak)
rCorr    +         Harm     .   (no gloves)
MR       .....                  (no boots)
Stlth    ..........             (no amulet)
HPRegen  0.20/turn              k - ring of resist corrosion
MPRegen  0.10/turn              (no ring)

@: no status effects
A: retaliatory headbutt, horns 2
a: Berserk, Trog's Hand, Renounce Religion


You were on level 5 of the Dungeon.
You worshipped Trog.
Trog was most pleased with you.
You were not hungry.

You visited 1 branch of the dungeon, and saw 5 of its levels.

You collected 168 gold pieces.

Inventory:

Hand Weapons
 a - a +0 hand axe (weapon)
Missiles
 i - 151 stones (quivered)
Armour
 b - a +0 animal skin
 h - a +0 ring mail (worn)
 j - a +0 helmet
 q - a +0 shield (worn)
Jewellery
 k - a ring of resist corrosion (left hand)
Wands
 s - a wand of acid (9)
 x - a wand of flame (15)
 C - a wand of paralysis (8)
Scrolls
 f - 3 scrolls of remove curse
 g - a scroll of enchant armour {unknown}
 m - a scroll of identify {unknown}
 r - a scroll of amnesia {unknown}
 v - a scroll of teleportation {unknown}
 y - a scroll of magic mapping {unknown}
 A - a scroll of immolation {unknown}
 B - a scroll of fog {unknown}
Potions
 d - a potion of heal wounds {unknown}
 e - a potion of curing {unknown}
 l - a potion of brilliance {unknown}
 n - a potion of might {unknown}
 o - a potion of mutation {unknown}
 p - a potion of invisibility {unknown}
 t - a potion of ambrosia {unknown}
 u - 2 potions of cancellation {unknown}
 z - a potion of experience {unknown}
Comestibles
 c - 7 rations


   Skills:
 + Level 5.2 Fighting
 * Level 8.0 Axes
 + Level 4.2 Armour
 - Level 2.5 Dodging
 * Level 2.6 Shields


You had 6 spell levels left.
You didn't know any spells.
Your spell library was empty.

Dungeon Overview and Level Annotations

Branches:
Dungeon (5/15)
 Temple: D:4-7

Altars:
Nemelex Xobeh

Annotations:
D:3 1 runed translucent door, Crazy Yiuf


Innate Abilities, Weirdness & Mutations

You reflexively headbutt those who attack you in melee.
You have a pair of horns on your head.


Message History

You climb downwards.
Found a ration.
There is a stone staircase leading up here.
c - 7 rations (gained 1)
Found a leather armour.
An ogre comes into view. It is wielding a +0 giant club.
The ogre shouts!
You block the ogre's attack.
You hit the ogre.
The ogre is lightly wounded.
The ogre hits you with a +0 giant club! The ogre hits you with a +0 giant club!
The ogre hits you with a +0 giant club!!
* * * LOW HITPOINT WARNING * * *
Found 13 sling bullets.
Found a shiny plate armour.
Found a stone staircase leading down.
You block the ogre's attack.
The ogre hits you with a +0 giant club!!
You die...

.. #........# ...
#........##########...
#............@.......#
#.............O.....>#
+....................#
#....................#
####....(...............#
........................#
........................#
.....................[..#
....#################....


You could see an ogre.

Vanquished Creatures
  Edmund (D:4)
  A scorpion (D:4)
  3 orc priests (D:4)
  Jessica (D:3)
  Natasha (thrice) (D:3)
  4 orc wizards (D:4)
  Robin (D:2)
  3 adders
  4 oozes
  3 worms
  A dart slug (D:1)
  3 leopard geckos
  9 orcs
  A ball python (D:3)
  4 bats
  8 giant cockroaches
  13 goblins
  12 hobgoblins
  11 jackals
  2 quokkas (D:3)
  A frilled lizard (D:1)
  10 kobolds
  4 rats
103 creatures vanquished.

Notes
Turn   | Place    | Note
-------+----------+-------------------------------------------
     0 | D:1      | Wekax the Minotaur Berserker began the quest for the Orb.
     0 | D:1      | Reached XP level 1. HP: 19/19 MP: 0/0
   298 | D:1      | Reached XP level 2. HP: 26/27 MP: 1/1
   299 | D:1      | Reached skill level 4 in Axes
   400 | D:1      | Reached XP level 3. HP: 18/33 MP: 2/2
   780 | D:1      | Reached ** piety under Trog
  1168 | D:2      | Reached skill level 5 in Axes
  1189 | D:2      | Noticed Robin
  1334 | D:2      | Reached XP level 4. HP: 35/40 MP: 3/3
  1341 | D:2      | Killed Robin
  1887 | D:2      | Found a faded altar of an unknown god.
  2243 | D:3      | Found a sparkling altar of Nemelex Xobeh.
  2257 | D:3      | Noticed Jessica
  2264 | D:3      | Killed Jessica
  2410 | D:3      | Reached XP level 5. HP: 45/47 MP: 4/4
  2485 | D:3      | Found a runed translucent door.
  2486 | D:3      | Noticed Crazy Yiuf
  2586 | D:3      | Reached skill level 6 in Axes
  2820 | D:3      | Noticed Natasha
  2832 | D:3      | Killed Natasha
  2833 | D:3      | Reached skill level 1 in Shields
  3244 | D:3      | Noticed Natasha
  3249 | D:3      | Killed Natasha
  3388 | D:3      | Noticed Natasha
  3412 | D:3      | Killed Natasha
  3715 | D:4      | Reached XP level 6. HP: 42/53 MP: 5/5
  3855 | D:4      | Noticed Edmund
  3864 | D:4      | Reached skill level 7 in Axes
  3873 | D:4      | Killed Edmund
  3882 | D:4      | Reached *** piety under Trog
  3882 | D:4      | Reached skill level 5 in Fighting
  4166 | D:4      | Reached XP level 7. HP: 42/61 MP: 6/6
  4406 | D:4      | Reached skill level 8 in Axes
  4741 | D:5      | Entered Level 5 of the Dungeon
  4801 | D:5      | Slain by an ogre

Levels and vault maps discovered:
D:1:      tarquinn_simple_flora_water_d, layout_basic,
          hangedman_decor_peaks_small
D:2:      layout_basic, chequers_ecumenical_altar_twisty, uniq_robin
D:3:      layout_basic, nemelex_xobeh_ov_fountains_minmay, first_ration,
          kennysheep_another_room, chequers_jeans, uniq_jessica,
          uniq_crazy_yiuf_cottage, uniq_natasha
D:4:      layout_basic, uniq_edmund
D:5:      layout_gridville, temple_pool_b, serial_shops, shop

Skill      XL: |  1  2  3  4  5  6  7 |
---------------+----------------------+-----
Fighting       | 4 5 |  5.2
Axes           | 4 5 6 7 8 |  8.0
Armour         | 3 4 |  4.2
Shields        | 1 2 |  2.6
Dodging        | |  2.5

Action                   |  1- 3 |  4- 6 |  7- 9 || total
-------------------------+-------+-------+-------++-------
Melee: Hand axe          |    62 |   150 |    31 ||   243
       Headbutt          |    12 |    28 |     6 ||    46
  Use: Scroll            |       |     1 |       ||     1
  Eat: Chunk             |     1 |     9 |     2 ||    12
Armor: Animal skin       |     4 |       |       ||     4
       Ring mail         |    12 |    32 |     7 ||    51
Dodge: Dodged            |    53 |    61 |    15 ||   129
Block: Shield            |       |    38 |    15 ||    53

Table legend:
 A = Non-vault XP
 B = Vault XP
 C = Vault XP percentage of total XP
 D = Non-vault monster count
 E = Vault monster count
 F = Vault count percentage of total count
                 A         B        C        D         E       F
            +---------+---------+-------+---------+---------+-------
      Total |     630 |     271 |  30.1 |      88 |      15 |  14.6
            +---------+---------+-------+---------+---------+-------
        D:1 |      53 |       9 |  14.5 |      28 |       5 |  15.2
        D:2 |      51 |      28 |  35.4 |      14 |       7 |  33.3
        D:3 |     133 |      72 |  35.1 |      24 |       2 |   7.7
        D:4 |     393 |     162 |  29.2 |      22 |       1 |   4.3
            +---------+---------+-------+---------+---------+-------
